 Dungeon Sprint DCSS version 0.18.1-6-gd335043 (webtiles) character file.

12994 Hipnos the Ninja (level 11, -1/48 (51) HPs)
             Began as a Spriggan Enchanter on May 20, 2016.
             Was the Champion of Dithmenos.
             Slain by a 12-headed hydra (7 damage)
             ... in the Dungeon (Sprint I: "Red Sonja").
             The game lasted 00:12:55 (1695 turns).

Hipnos the Ninja (Spriggan Enchanter)               Turns: 1695, Time: 00:12:55

HP:   -1/48 (51)    AC:  3    Str:  2    XL:     11   Next: 69%
MP:   26/31         EV: 23    Int: 21    God:    Dithmenos [******]
Gold: 398           SH:  0    Dex: 14    Spells: 4 memorised, 31 levels left

rFire  . . .     SeeInvis +     a - +1 dagger
rCold  x . .     Gourm    +     b - +1 robe
rNeg   . . .     Faith    .     (shield restricted)
rPois  +         Spirit   .     (helmet restricted)
rElec  .         Dismiss  .     (no cloak)
rCorr  .         Reflect  .     (gloves unavailable)
SustAt .         Harm     .     (boots unavailable)
MR     +....     Clarity  +     p - amulet of Bugigil {Gourm +Inv rC- Int+4}
Stlth  ++++++++++ NoTele   +    q - ring of stealth
                                s - ring of poison resistance

@: wreathed by umbra, very quick, somewhat resistant to hostile enchantments,
uncannily stealthy
A: unfitting armour, see invisible, clarity, clumsy 2, deterioration 1, dopey 1,
herbivore 3, speed 3, slow metabolism 2, weak 1, subdued magic 1, MP-powered
wands
a: Shadow Step, Shadow Form, Renounce Religion, Evoke Invisibility


You were in the Dungeon.
You worshipped Dithmenos.
Dithmenos was exalted by your worship.
You were not hungry.

You visited 1 branch You collected 1466 gold pieces.
You spent 1068 gold pieces at shops.

Inventory:

Hand Weapons
 a - a +1 dagger (weapon)
Armour
 b - a +1 robe (worn)
Jewellery
 o - an uncursed ring of sustain attributes
 p - the amulet of Bugigil (around neck) {Gourm +Inv rC- Int+4}
   (You found it in the Dungeon)

   [amulet of the gourmand]

   It allows you to eat raw meat even when not hungry.
   It affects your intelligence (+4).
   It makes you vulnerable to cold.
   It lets you turn invisible.
 q - a ring of stealth (right hand)
 r - the ring "Limoutik" {rElec MR+ Str-5 Slay+6 Stlth+}
   (You bought it in a shop in the Dungeon)

   [ring of protection from magic]

   It affects your strength (-5).
   It affects your accuracy and damage with ranged weapons and melee attacks
   (+6).
   It insulates you from electricity.
   It affects your resistance to hostile enchantments.
   It makes you more stealthy.
 s - a ring of poison resistance (left hand)
Scrolls
 j - a scroll of blinking
 m - 2 scrolls of immolation {unknown}
 n - a scroll of enchant armour {unknown}
Potions
 e - a potion of curing
 f - a potion of heal wounds
 g - a potion of haste
 h - 2 potions of magic
 i - a potion of cancellation {unknown}
 l - a potion of degeneration {unknown}
Books
 c - a book of Maledictions

   Spells                             Type                      Level
   a - Corona                         Hexes                        1
   b - Ensorcelled Hibernation        Hexes/Ice                    2
   c - Confuse                        Hexes                        3
   d - Tukima's Dance                 Hexes                        3
   e - Dazzling Spray                 Conjuration/Hexes            3
Comestibles
 d - a bread ration
 k - a royal jelly


   Skills:
 + Level 2.5 Fighting
 + Level 5.0 Short Blades
 + Level 9.7 Dodging
 O Level 27 Stealth
 * Level 15.1 Spellcasting
 * Level 17.3 Hexes
 - Level 1.3 Ice Magic


You had 31 spell levels left.
You knew the following spells:

 Your Spells              Type           Power        Failure   Level  Hunger
a - Corona                Hex            ######.      0%          1    None
b - Ensorcelled Hibernat  Hex/Ice        #####.       1%          2    None
c - Confuse               Hex            ######..     0%          3    None
d - Dazzling Spray        Conj/Hex       #####...     1%          3    None


Dungeon Overview and Level Annotations

Branches:
Dungeon (1/1)

Altars:
Cheibriados
Dithmenos
Elyvilon
Fedhas
Gozag
Kikubaaqudgha
Makhleb
Nemelex Xobeh
Okawaru
Pakellas
Qazlal
Ru
Sif Muna
Trog
Vehumet
Xom
Yredelemnul
Zin
The Shining One
Jiyva

Shops:
D ?!}[[:==[[}!%[*!}*([?


Innate Abilities, Weirdness & Mutations

You are tiny and cannot use many weapons and most armour.
You have supernaturally acute eyesight.
You are a herbivore.
You cover ground extremely quickly.
You need consume almost no food.
You possess an exceptional clarity of mind.
You are very clumsy. (Dex -4)
Your body sometimes deteriorates upon taking damage.
You are dopey. (Int -2)
You are weak. (Str -2)
Your spells are a little easier to cast, but a little less powerful.
You expend magic power (3 MP) to strengthen your wands.


Message History

A hydra and a giant eyeball come into view.
The 12-headed hydra roars!
The giant eyeball turns its gaze towards you.
Found 54 gold pieces.
The giant eyeball's stare focuses on you.
You see here a hog corpse.
Casting: Ensorcelled Hibernation
Confirm with . or Enter, or press ? or * to list all spells.
Aiming: Ensorcelled Hibernation
Press: ? - help, Shift-Dir - straight line, f - 12-headed hydra
Aim: a 12-headed hydra (purple smoke, umbra, chance to defeat MR: 33%)
The 12-headed hydra easily resists.
The 12-headed hydra completely misses you.
The 12-headed hydra bites you. The 12-headed hydra bites you!
You emit a cloud of dark smoke.
The 12-headed hydra closely misses you. The 12-headed hydra bites you! x2
* * * LOW HITPOINT WARNING * * *
You emit a cloud of dark smoke.
The 12-headed hydra misses you. The 12-headed hydra bites you!
You die...

######################
..)#).#§§§†'†§§§@DG.$#
...##§#§####§†§§§##$.+
)..'†.#§# ##§§§## ##
####§.§§# ###+#
..##+#### ..# ..#
#'### #.'.#


You could see a 12-headed hydra and a giant eyeball.

Vanquished Creatures
  2 centaur warriors (D)
  Sonja (D)
  2 unseen horrors (D)
  A deep troll (D)
  A lindwurm (D)
  An oklob plant (D)
  8 shining eyes (D)
  2 kobold demonologists (D)
  4 demonic crawlers (D)
  A slime creature (D)
  Sigmund (D)
  2 redbacks (D)
  A yak (D)
  13 hogs (D)
  6 giant eyeballs (D)
  7 necrophages (D)
  An ogre (D)
  A wasp (D)
  8 jellies (D)
  Ijyb (D)
64 creatures vanquished.

Notes
Turn   | Place    | Note
--------------------------------------------------------------
     0 | D        | Hipnos the Spriggan Enchanter began the quest for the Orb.
     0 | D        | Reached XP level 1. HP: 9/9 MP: 5/5
     1 | D        | Noticed Ijyb
    22 | D        | Killed Ijyb
    22 | D        | Reached skill level 6 in Stealth
    22 | D        | Reached XP level 2. HP: 3/13 MP: 5/7
   273 | D        | Learned a level 2 spell: Ensorcelled Hibernation
   276 | D        | Noticed an ogre
   279 | D        | Killed an ogre
   279 | D        | Reached skill level 9 in Stealth
   279 | D        | Reached skill level 5 in Spellcasting
   279 | D        | Reached XP level 3. HP: 16/16 MP: 7/10
   279 | D        | Reached XP level 4. HP: 21/21 MP: 8/12
   312 | D        | Noticed Sigmund
   315 | D        | Killed Sigmund
   315 | D        | Reached skill level 5 in Dodging
   315 | D        | Reached skill level 12 in Stealth
   315 | D        | Reached skill level 10 in Hexes
   315 | D        | Reached XP level 5. HP: 24/24 MP: 13/15
   315 | D        | Reached XP level 6. HP: 28/28 MP: 13/16
   321 | D        | Learned a level 3 spell: Confuse
   332 | D        | Found a deep blue altar of Sif Muna.
   335 | D        | Found a snail-covered altar of Cheibriados.
   335 | D        | Found a viscous altar of Jiyva.
   335 | D        | Found a shadowy altar of Dithmenos.
   335 | D        | Found a blossoming altar of Fedhas.
   335 | D        | Noticed a slime creature
   339 | D        | Became a worshipper of Dithmenos the Shadowed
   350 | D        | Killed a slime creature
   350 | D        | Reached skill level 13 in Stealth
   350 | D        | Reached skill level 1 in Ice Magic
   550 | D        | Found a radiant altar of Vehumet.
   585 | D        | Found Gazuin's Antique Armour Emporium.
   585 | D        | Found a white marble altar of Elyvilon.
   585 | D        | Found a stormy altar of Qazlal.
   585 | D        | Found a burning altar of Makhleb.
   585 | D        | Found a sacrificial altar of Ru.
   585 | D        | Found an oddly glowing altar of Pakellas.
   585 | D        | Found a basalt altar of Yredelemnul.
   585 | D        | Found a glowing golden altar of the Shining One.
   585 | D        | Found a sparkling altar of Nemelex Xobeh.
   585 | D        | Found a shimmering altar of Xom.
   585 | D        | Found an opulent altar of Gozag.
   585 | D        | Found an ancient bone altar of Kikubaaqudgha.
   585 | D        | Found a glowing silver altar of Zin.
   585 | D        | Noticed a yak
   586 | D        | Found an iron altar of Okawaru.
   587 | D        | Killed a yak
   587 | D        | Reached * piety under Dithmenos
   587 | D        | Reached skill level 14 in Stealth
   587 | D        | Reached XP level 7. HP: 32/32 MP: 17/19
   588 | D        | Found a bloodstained altar of Trog.
   616 | D        | Noticed a kobold demonologist
   617 | D        | Noticed a kobold demonologist
   619 | D        | Reached skill level 15 in Stealth
   620 | D        | Killed a kobold demonologist
   620 | D        | Reached skill level 16 in Stealth
   620 | D        | Reached XP level 8. HP: 37/37 MP: 19/21
   622 | D        | Killed a kobold demonologist
   622 | D        | Reached ** piety under Dithmenos
   622 | D        | Reached skill level 17 in Stealth
   642 | D        | Noticed Sonja
   646 | D        | Killed Sonja
   646 | D        | Reached skill level 18 in Stealth
   658 | D        | Noticed a deep troll
   665 | D        | Killed a deep troll
   665 | D        | Reached skill level 1 in Fighting
   665 | D        | Reached skill level 20 in Stealth
   665 | D        | Reached skill level 10 in Spellcasting
   665 | D        | Reached XP level 9. HP: 41/41 MP: 20/24
   677 | D        | Found Rehapriz's Armour Emporium.
   706 | D        | Learned a level 3 spell: Dazzling Spray
   709 | D        | Noticed a centaur warrior
   711 | D        | Noticed a centaur warrior
   714 | D        | Killed a centaur warrior
   714 | D        | Reached skill level 21 in Stealth
   717 | D        | Killed a centaur warrior
   717 | D        | Reached *** piety under Dithmenos
   755 | D        | Reached skill level 22 in Stealth
   767 | D        | Noticed an oklob plant
   777 | D        | Killed an oklob plant
   777 | D        | Reached XP level 10. HP: 46/46 MP: 17/26
   857 | D        | Reached **** piety under Dithmenos
   857 | D        | Reached skill level 23 in Stealth
   864 | D        | Noticed an unseen horror
   865 | D        | Noticed an unseen horror
   871 | D        | Killed an unseen horror
   873 | D        | Killed an unseen horror
   873 | D        | Reached skill level 24 in Stealth
   873 | D        | Reached skill level 15 in Hexes
   882 | D        | Reached ***** piety under Dithmenos
   995 | D        | Got a shimmering tin amulet
  1006 | D        | Identified the amulet of Bugigil {Gourm +Inv rC- Int+4} (You found it in the Dungeon)
  1007 | D        | Found Feethasoi's Jewellery Shoppe.
  1007 | D        | Found Ecowyts's Jewellery Shop.
  1007 | D        | Found Wauk's Antique Armour Boutique.
  1009 | D        | Found Miumaze's Antique Armour Emporium.
  1009 | D        | Found Voholulu's Gadget Shop.
  1009 | D        | Found Yclaulid's Distillery.
  1009 | D        | Found Uphept's Food Boutique.
  1009 | D        | Found Yculor's Armour Emporium.
  1009 | D        | Found Vuiz's General Store.
  1009 | D        | Found Yvytezubb's Distillery.
  1011 | D        | Bought an uncursed ring of stealth for 227 gold pieces
  1013 | D        | Bought the ring "Limoutik" {rElec MR+ Str-5 Slay+6 Stlth+} for 621 gold pieces
  1015 | D        | Found Teahucw's Gadget Boutique.
  1016 | D        | Found Turopn's Weapon Emporium.
  1016 | D        | Found Emuts's Assorted Antiques.
  1017 | D        | Found Qexaf's Magic Scroll Emporium.
  1371 | D        | Reached ****** piety under Dithmenos
  1371 | D        | Reached skill level 25 in Stealth
  1407 | D        | Found Gura's Magic Scroll Boutique.
  1417 | D        | Noticed a shining eye
  1417 | D        | Noticed a shining eye
  1417 | D        | Noticed a shining eye
  1417 | D        | Noticed a shining eye
  1417 | D        | Noticed a shining eye
  1417 | D        | Noticed a shining eye
  1420 | D        | Noticed a shining eye
  1420 | D        | Noticed a shining eye
  1421 | D        | Killed a shining eye
  1421 | D        | Reached XP level 11. HP: 47/47 MP: 27/29
  1424 | D        | Killed a shining eye
  1427 | D        | Gained mutation: You are clumsy. (Dex -2) [a shining eye]
  1428 | D        | Killed a shining eye
  1429 | D        | Gained mutation: Your body sometimes deteriorates upon taking damage. [a shining eye]
  1429 | D        | Gained mutation: You expend magic power (3 MP) to strengthen your wands. [a shining eye]
  1431 | D        | Killed a shining eye
  1435 | D        | Gained mutation: You are dopey. (Int -2) [a shining eye]
  1438 | D        | Killed a shining eye
  1438 | D        | Reached skill level 26 in Stealth
  1444 | D        | Killed a shining eye
  1453 | D        | Gained mutation: You are very clumsy. (Dex -4) [a shining eye]
  1461 | D        | Gained mutation: Your spells are a little easier to cast, but a little less powerful. [a shining eye]
  1464 | D        | Gained mutation: You are weak. (Str -2) [a shining eye]
  1468 | D        | Gained mutation: You possess an exceptional clarity of mind. [a shining eye]
  1477 | D        | Killed a shining eye
  1487 | D        | Killed a shining eye
  1493 | D        | Found Sodydoox's Distillery.
  1493 | D        | Found Funesuog's Armour Shop.
  1493 | D        | Found Qemmanoi's Gadget Emporium.
  1493 | D        | Found Zimen's Book Boutique.
  1592 | D        | Bought an uncursed ring of poison resistance for 220 gold pieces
  1648 | D        | Noticed a lindwurm
  1650 | D        | Killed a lindwurm
  1659 | D        | Reached skill level 27 in Stealth
  1681 | D        | Reached skill level 5 in Short Blades
  1683 | D        | Reached skill level 15 in Spellcasting
  1693 | D        | Noticed a 12-headed hydra
  1695 | D        | Slain by a 12-headed hydra

Skill      XL: |  1  2  3  4  5  6  7  8  9 10 11 |
---------------+----------------------------------+-----
Stealth        | 6 9 12 14 16 20 22 25 27 | 27.0
Spellcasting   | 3 5 6 8 10 11 13 15 | 15.1
Hexes          | 6 8 10 11 12 13 14 15 17 | 17.3
Dodging        | 4 5 6 8 9 |  9.7
Ice Magic      | 1 |  1.3
Short Blades   | 2 3 4 5 |  5.0
Fighting       | 1 2 |  2.5

Action                   |  1- 3 |  4- 6 |  7- 9 | 10-12 || total
-------------------------+-------+-------+-------+-------++-------
Melee: Dagger            |    19 |     5 |    14 |    79 ||   117
 Cast: Ensorcelled Hiber |       |     4 |     4 |    19 ||    27
       Confuse           |       |       |     3 |    11 ||    14
  Use: Potion            |     1 |       |       |       ||     1
 Stab: Sleeping          |     2 |     5 |     8 |    44 ||    59
       Confused          |       |       |     2 |     5 ||     7
Armor: Robe              |     2 |       |       |       ||     2
Dodge: Dodged            |     8 |     2 |     8 |    25 ||    43
